 Dungeon Crawl Stone Soup version 0.30-a0-476-g330ca2eb8e (webtiles) character file.

Game seed: 1601043117988042001

8633 Mitcholas the Basher (level 11, -8/93 HPs)
             Began as a Minotaur Fighter on Dec 21, 2022.
             Was an Initiate of Yredelemnul.
             Mangled by a komodo dragon (23 damage)
             ... on level 1 of the Lair of Beasts on Dec 22, 2022.
             The game lasted 00:26:32 (10114 turns).

Mitcholas the Basher (Minotaur Fighter)            Turns: 10114, Time: 00:26:32

Health: -8/93      AC: 20    Str: 26    XL:     11   Next: 12%
Magic:  15/15      EV: 11    Int:  5    God:    Yredelemnul [......]
Gold:   765        SH:  5    Dex:  9    Spells: 10/10 levels left

rFire   . . .      SeeInvis .    y - +0 morningstar (venom)
rCold   . . .      Faith    .    c - +0 buckler
rNeg    . . .      Spirit   .    x - +0 plate armour
rPois   .          Reflect  .    (helmet restricted)
rElec   .          Harm     .    N - +0 cloak
rCorr   .          Rampage  .    e - +0 pair of gloves
Will    .....                    (no boots)
Stlth   ..........               J - amulet of magic regeneration
HPRegen 0.35/turn                h - +4 ring of evasion
MPRegen 0.54/turn                q - +4 ring of protection

@: no status effects
A: horns 2, retaliatory headbutt
a: Renounce Religion, Recall Undead Harvest


You were on level 1 of the Lair of Beasts.
You worshipped Yredelemnul.
Yredelemnul was noncommittal.
You visited 3 branches of the dungeon, and saw 13 of its levels.

You collected 765 gold pieces.

Inventory:

Hand Weapons
 y - a +0 morningstar of venom (weapon)
Missiles
 j - 2 throwing nets (quivered)
 l - 15 poisoned darts
 I - 2 curare-tipped darts
Armour
 c - a +0 buckler (worn)
 e - a +0 pair of gloves (worn)
 x - a +0 plate armour (worn)
 N - a +0 cloak (worn)
Jewellery
 h - a +4 ring of evasion (left hand)
 q - a +4 ring of protection (right hand)
 u - a ring of protection from cold
 z - a ring of protection from fire
 J - an amulet of magic regeneration (around neck)
Wands
 m - a wand of flame (6)
 F - a wand of mindburst (26)
 L - a wand of polymorph (3)
Scrolls
 a - 3 scrolls of poison {unknown}
 f - 3 scrolls of teleportation {unknown}
 i - a scroll of immolation {unknown}
 p - 2 scrolls of butterflies {unknown}
 s - 2 scrolls of noise {unknown}
 t - 2 scrolls of magic mapping {unknown}
 w - 2 scrolls of enchant weapon {unknown}
 A - 2 scrolls of amnesia {unknown}
 B - a scroll of vulnerability {unknown}
 C - a scroll of fog {unknown}
 E - 2 scrolls of blinking {unknown}
 H - a scroll of enchant armour {unknown}
 M - a scroll of fear {unknown}
 O - a scroll of identify
Potions
 b - 2 potions of attraction
 d - a potion of might
 g - 8 potions of curing
 k - a potion of flight
 n - 3 potions of invisibility
 o - 3 potions of degeneration
 r - 2 potions of heal wounds
 v - a potion of haste
 D - a potion of berserk rage
 G - a potion of mutation
Miscellaneous
 K - a condenser vane


   Skills:
 + Level 7.6 Fighting
 * Level 12.6 Maces & Flails
 + Level 7.6 Armour
 - Level 3.0 Dodging
 + Level 7.7 Shields
 * Level 7.4 Invocations
 + Level 5.0 Evocations


You had 10 spell levels left.
You didn't know any spells.
Your spell library contained the following spells:

 Spells                   Type           Power      Damage    Failure   Level
 Beastly Appendage        Tmut           0%         N/A       100%        1
 Slow                     Hex            0%         N/A       100%        1
 Sublimation of Blood     Necr           0%         N/A       100%        2
 Wereblood                Tmut           0%         N/A       100%        2
 Confusing Touch          Hex            0%         N/A       100%        3
 Spider Form              Tmut/Pois      0%         N/A       100%        3
 Vampiric Draining        Necr           0%         2d6       100%        3
 Summon Hydra             Summ           0%         N/A       100%        7


Dungeon Overview and Level Annotations

Branches:
Dungeon (11/15)            Temple (1/1) D:5            Lair (1/5) D:8
    Orc (0/2) D:10

Altars:
Ashenzari
Cheibriados
Dithmenos
Elyvilon
Fedhas
Gozag
Hepliaklqana
Kikubaaqudgha
Makhleb
Nemelex Xobeh
Okawaru
Qazlal
Ru
Sif Muna
Trog
Uskayaw
Vehumet
Wu Jian
Xom
Yredelemnul
Zin
The Shining One


Innate Abilities, Weirdness & Mutations

You have a pair of horns on your head.
You reflexively headbutt those who attack you in melee.


Message History

The blink frog is almost dead.
The blink frog barely misses you. You block the blink frog's attack.
The blink frog blinks!
The blink frog hits you but does no damage.
Your blink frog zombie closely misses the blink frog.
The komodo dragon bites you. The blink frog barely misses you.
The blink frog blinks!
The blink frog barely misses you. You furiously retaliate!
You headbutt the blink frog! You miss the blink frog.
The blink frog is moderately wounded.
The blink frog hits you!
The blink frog blinks!
The blink frog hits you but does no damage.
The blink frog hits you. You block the komodo dragon's attack.
You are too injured to fight recklessly!
You hit the blink frog but do no damage.
Your headbutt misses the blink frog. The blink frog hits you.
The blink frog blinks!
You block the blink frog's attack. You block the komodo dragon's attack.
You closely miss the blink frog.
The blink frog is moderately wounded.
The blink frog misses you.
The blink frog blinks! x2
The blink frog hits you but does no damage.
The blink frog blinks! x2
You barely miss the blink frog.
The blink frog is moderately wounded.
The blink frog blinks!
You block the komodo dragon's attack.
You miss the blink frog. Your headbutt misses the blink frog.
The blink frog is moderately wounded.
The komodo dragon bites you! The blink frog hits you!
* * * LOW HITPOINT WARNING * * *
You closely miss the blink frog. You headbutt the blink frog!
The blink frog is severely wounded.
Your blink frog zombie hits the blink frog!
The blink frog dies!
The dead are hopping!
The blink frog closely misses you. You furiously retaliate!
You headbutt the blink frog!
The komodo dragon hisses menacingly.
The komodo dragon bites you!!
You die...
Your body rises from the dead as a mindless zombie.

...............
...............
...............
...............
...............
...Z.....F.F...
.......§l......
.....Z.@F.#
###.......#
#####...P#
#...## ....#
.#... . .... ..
.....


You could see a komodo dragon, 3 blink frogs and 2 friendly blink frog zombies.

Vanquished Creatures
  The ghost of Iich the Cleaver, a novice MiFi of Nemelex Xobeh (D:6)
  Pikel (D:6)
  A gargoyle (D:11)
  A troll (D:9)
  A blink frog (Lair:1)
  Sigmund (D:2)
  2 shadows
  7 yaks
  3 vampire mosquitoes (D:7)
  A steam dragon (D:8)
  Edmund (D:6)
  2 sky beasts (D:7)
  3 black bears
  5 orc warriors (D:10)
  An ice beast (D:7)
  2 ogres
  5 centaurs
  A phantom (D:5)
  2 lemures (D:6)
  5 bullfrogs
  A necrophage (D:4)
  2 scorpions
  8 wights
  5 killer bees (D:9)
  3 howler monkeys
  3 hounds
  2 jellies
  8 orc priests
  A gnoll bouda (D:7)
  Jessica (D:3)
  10 orc wizards
  Robin (D:2)
  6 adders
  5 gnolls
  A shadow imp (D:5)
  A white imp (D:6)
  2 ufetubi
  2 worms
  3 dart slugs
  41 orcs
  4 ball pythons
  7 bats
  6 endoplasms
  8 giant cockroaches
  8 goblins
  12 hobgoblins
  5 jackals
  13 kobolds
  5 quokkas
  3 frilled lizards
  10 rats
233 creatures vanquished.

Vanquished Creatures (collateral kills)
  Joseph (D:8)
  A hornet (D:9)
  A blink frog (Lair:1)
  A yak (D:10)
  A vampire mosquito (D:7)
  A centaur (D:9)
  2 wights (D:9)
  A killer bee (D:9)
  An iguana (D:7)
  3 gnolls (D:7)
  2 adders (D:6)
  4 orcs
19 creatures vanquished.

Vanquished Creatures (others)
  A sixfirhy (Temple)
  A yak zombie (D:9)
  2 killer bee zombies (D:9)
  A hound zombie (D:6)
  An adder zombie (D:6)
  A gnoll zombie (D:7)
  17 orc zombies
  2 spectral ufetubi
26 creatures vanquished.

Grand Total: 278 creatures vanquished

Notes
Turn   | Place    | Note
-------+----------+-------------------------------------------
     0 | D:1      | Mitcholas the Minotaur Fighter began the quest for the Orb.
     0 | D:1      | Reached XP level 1. HP: 19/19 MP: 0/0
   127 | D:1      | Reached skill level 3 in Maces & Flails
   154 | D:1      | Reached XP level 2. HP: 21/26 MP: 1/1
   383 | D:1      | Reached skill level 4 in Maces & Flails
   980 | D:2      | Noticed Sigmund
  1003 | D:2      | Killed Sigmund
  1004 | D:2      | Reached skill level 7 in Maces & Flails
  1004 | D:2      | Reached XP level 3. HP: 28/31 MP: 2/2
  1004 | D:2      | Reached XP level 4. HP: 35/39 MP: 3/3
  1004 | D:2      | Reached XP level 5. HP: 41/45 MP: 4/4
  1054 | D:2      | Noticed Robin
  1078 | D:2      | Killed Robin
  1532 | D:2      | Found a hide-covered altar of Uskayaw.
  1862 | D:3      | Noticed Jessica
  1939 | D:3      | Killed Jessica
  1940 | D:3      | Reached XP level 6. HP: 43/51 MP: 5/5
  2078 | D:3      | Reached skill level 8 in Maces & Flails
  2138 | D:3      | Found a sparkling altar of Nemelex Xobeh.
  2228 | D:3      | Found a faded altar of an unknown god.
  3115 | D:5      | Entered Level 5 of the Dungeon
  3266 | D:5      | Reached skill level 1 in Dodging
  3266 | D:5      | Reached skill level 1 in Evocations
  3266 | D:5      | Reached XP level 7. HP: 59/59 MP: 6/6
  3647 | D:5      | HP: 1/59 [orc priest/divine providence (8)]
  3649 | D:5      | Reached skill level 9 in Maces & Flails
  4012 | D:5      | Found a staircase to the Ecumenical Temple.
  4037 | Temple   | Entered the Ecumenical Temple
  4037 | Temple   | Noticed a reaper
  4038 | Temple   | Noticed Utuenu the pandemonium lord
  4038 | Temple   | Noticed Yshippesku the pandemonium lord
  4038 | Temple   | Noticed an ice devil
  4040 | Temple   | Noticed a chaos spawn
  4041 | Temple   | Noticed Eliusch the pandemonium lord
  4042 | Temple   | Noticed a chaos spawn
  4082 | Temple   | Noticed Joemyth the pandemonium lord
  4098 | Temple   | Noticed a ynoxinul
  4099 | Temple   | Noticed an Executioner
  4100 | Temple   | Noticed Kiofaiq the pandemonium lord
  4100 | Temple   | Noticed a hellion
  4108 | Temple   | Noticed a sun demon
  4109 | Temple   | Noticed Putot the pandemonium lord
  4112 | Temple   | Noticed a sixfirhy
  4127 | Temple   | Became a worshipper of Yredelemnul the Dark
  4143 | Temple   | Killed a sixfirhy
  4506 | D:6      | Noticed Edmund
  4517 | D:6      | Killed Edmund
  4518 | D:6      | Reached skill level 1 in Invocations
  4518 | D:6      | Reached XP level 8. HP: 20/67 MP: 7/7
  4680 | D:6      | Reached * piety under Yredelemnul
  4756 | D:6      | Noticed Pikel
  4774 | D:6      | Killed Pikel
  4775 | D:6      | Reached skill level 5 in Fighting
  4775 | D:6      | Reached skill level 5 in Armour
  4775 | D:6      | Reached skill level 5 in Shields
  4948 | D:6      | Found a runed translucent door.
  5264 | D:6      | Reached ** piety under Yredelemnul
  5535 | D:6      | Noticed Iich's ghost (novice MiFi)
  5560 | D:6      | Reached skill level 10 in Maces & Flails
  5573 | D:6      | Killed Iich's ghost
  5574 | D:6      | Reached XP level 9. HP: 68/74 MP: 10/10
  6109 | D:7      | Reached skill level 11 in Maces & Flails
  6114 | D:7      | Reached skill level 5 in Invocations
  6539 | D:7      | Reached *** piety under Yredelemnul
  6856 | D:8      | Identified the +6 rapier of the Special Hells {vorpal, rF+
                  | rC+ Int+3}
  6988 | D:8      | Reached XP level 10. HP: 84/84 MP: 13/13
  7135 | D:8      | Found a staircase to the Lair.
  7137 | D:8      | Noticed Joseph
  7154 | D:8      | Killed Joseph
  8099 | D:9      | Reached skill level 12 in Maces & Flails
  8121 | D:9      | Paralysed by a hornet for 2 turns
  8897 | D:10     | Entered Level 10 of the Dungeon
  9147 | D:10     | Found a staircase to the Orcish Mines.
  9691 | D:10     | Reached XP level 11. HP: 90/92 MP: 15/15
  9697 | D:10     | Reached **** piety under Yredelemnul
  9937 | D:11     | Reached skill level 5 in Evocations
 10095 | Lair:1   | Entered Level 1 of the Lair of Beasts
 10114 | Lair:1   | Mangled by a komodo dragon

Illustrated notes

Levels and vault maps discovered:
D:1:      dpeg_arrival_stonehenge_8_columns, layout_basic,
          roderic_serpentine_path, minmay_distorted
D:2:      layout_basic, basic_altar, uniq_sigmund, uniq_robin
D:3:      layout_rooms, mainiacjoe_overflow_paths,
          shapermc_ecumenical_altar_ellora, minmay_ruptured, uniq_jessica
D:4:      layout_loops_cross
D:5:      layout_basic, minmay_temple_entry_sparse_star
D:6:      layout_loops_corners, ebering_ghost_sewer_d, uniq_edmund, uniq_pikel
D:7:      layout_basic, kennysheep_flooded_box
D:8:      layout_basic, lair_entry_dummy, nrook_mini_backslash,
          kennysheep_generic_room_5, uniq_joseph
D:9:      layout_basic, onia_ninara_dug_in_and_dangerous
D:10:     layout_roguey, hiddenorc2_lemuel, serial_glass, glass_columns_a,
          glass_columns_b, kennysheep_generic_room_12
D:11:     layout_loops_ring
Temple:   nicolae_temple_panitentiary
Lair:1:   layout_hall_layers

Skill      XL: |  1  2  3  4  5  6  7  8  9 10 11 |
---------------+----------------------------------+-----
Maces & Flails | 3 7 8 9 10 11 12 | 12.6
Fighting       | 4 5 6 7 |  7.6
Armour         | 4 5 6 7 |  7.6
Dodging        | 1 2 3 |  3.0
Shields        | 4 5 6 7 |  7.7
Evocations     | 1 2 3 4 5 |  5.0
Invocations    | 1 3 5 7 |  7.4

Action                   |  1- 3 |  4- 6 |  7- 9 | 10-12 || total
-------------------------+-------+-------+-------+-------++-------
Melee: Flail             |    61 |   161 |    29 |       ||   251
       Headbutt          |     4 |    22 |    41 |    39 ||   106
       Morningstar       |       |       |   187 |   222 ||   409
Invok: Recall Undead Har |       |       |       |     3 ||     3
Evoke: Wand              |       |     5 |     4 |       ||     9
  Use: Scroll            |       |       |       |     8 ||     8
 Stab: Distracted        |       |       |     2 |     2 ||     4
Armor: Scale mail        |    17 |    47 |     5 |       ||    69
       Plate armour      |       |       |   109 |   111 ||   220
Dodge: Dodged            |    24 |    74 |   117 |    91 ||   306
Block: Buckler           |    16 |    38 |    52 |    58 ||   164

Table legend: (Time is in decaauts)
 A = Elapsed time spent in this place.
 B = Non-inter-level travel time spent in this place.
 C = Inter-level travel time spent in this place.
 D = Time resting spent in this place.
 E = Time spent auto-exploring this place.
 F = Levels seen in this place.
 G = Mean time per level.
                   A        B        C        D        E       F      G
               +--------+--------+--------+--------+--------+-----+--------+
         Total |  10133 |   9687 |    446 |   1455 |   6440 |  13 |  779.5 |
       Dungeon |  10008 |   9562 |    446 |   1455 |   6370 |  11 |  909.8 |
        Temple |    107 |    107 |      0 |      0 |     70 |   1 |  107.0 |
          Lair |     17 |     17 |      0 |      0 |      0 |   1 |   17.0 |
               +--------+--------+--------+--------+--------+-----+--------+

Top non-repeatable levels by time:
     D:6: 1375 daAuts
     D:9: 1328 daAuts
    D:10: 1032 daAuts
     D:7: 1029 daAuts
     D:2: 1007 daAuts
     D:5: 937 daAuts
     D:1: 933 daAuts
     D:8: 918 daAuts
     D:4: 722 daAuts
     D:3: 643 daAuts
  Temple: 107 daAuts
    D:11: 79 daAuts
  Lair:1: 17 daAuts
